 Dungeon Crawl Stone Soup version 0.17.1-3-g152610e (webtiles) character file.

731 inmateoo the Chopper (level 7, -1/57 HPs)
             Began as a Centaur Fighter on Feb 18, 2016.
             Slain by an ogre
             ... wielding a +0 giant club
              (13 damage)
             ... on level 5 of the Dungeon.
             The game lasted 00:05:35 (4727 turns).

inmateoo the Chopper (Centaur Fighter)              Turns: 4727, Time: 00:05:35

Health: -1/57      AC:  8    Str: 20    XL:     7   Next: 45%
Magic:  7/7        EV:  5    Int:  9    God:
Gold:   210        SH:  8    Dex:  9    Spells: 0 memorised, 6 levels left

rFire  . . .     SeeInvis .     a - +1 war axe
rCold  . . .     Clarity  .     b - +0 scale mail
rNeg   + . .     SustAt   .     c - +0 shield
rPois  .         Gourm    .     z - +0 helmet
rElec  .         Spirit   .     (no cloak)
rCorr  .         Warding  .     q - +0 pair of gloves
rMut   .         Stasis   .     (no barding)
MR     .....                    (no amulet)
Stlth  ..........               v - ring "Teriph" {rN+ Slay+4}
                                i - +2 ring of intelligence

@: very quick, not resistant to hostile enchantments, extremely unstealthy
A: hooves 3, deformed body, speed 2, tough skin 3
a: no special abilities


You were on level 5 of the Dungeon.
You were hungry.

You visited 1 branch of the dungeon, and saw 5 of its levels.
You also visited: Sewer.

You collected 262 gold pieces.
You spent 52 gold pieces at shops.

Inventory:

Hand Weapons
 a - a +1 war axe (weapon)
Armour
 b - a +0 scale mail (worn)
 c - a +0 shield (worn)
 q - a +0 pair of gloves (worn)
 t - a troll hide {Purgy}
 z - a +0 helmet (worn)
Jewellery
 i - a +2 ring of intelligence (left hand)
 v - the ring "Teriph" (right hand) {rN+ Slay+4}
   (You found it on level 4 of the Dungeon)

   [ring of positive energy]

   It affects your accuracy and damage with ranged weapons and melee attacks
   (+4).
   It protects you from negative energy.
Wands
 g - a wand of confusion (17)
Scrolls
 d - a scroll of amnesia
 k - a scroll of teleportation
 l - a scroll of remove curse
 o - 2 scrolls of magic mapping
 y - a scroll of fog
 A - a scroll of enchant armour {unknown}
Potions
 h - a potion of cancellation
 j - 3 potions of heal wounds
 m - 3 potions of curing {unknown}
 p - 2 potions of berserk rage {unknown}
 s - a potion of magic {unknown}
 u - 2 potions of flight
 w - a potion of haste
 x - 2 potions of might
Comestibles
 e - 4 bread rations
 f - 2 meat rations
 n - 2 slices of pizza
 r - 3 fruits


   Skills:
 - Level 3.1 Fighting
 * Level 7.6 Axes
 - Level 2.2 Armour
 - Level 2.4 Shields


You had 6 spell levels left.
You didn't know any spells.

Dungeon Overview and Level Annotations

Branches:
Dungeon (5/15)
 Temple: D:4-7

Altars:
Nemelex Xobeh
Zin

Shops:
D:4 *:

Annotations:
D:5 Sigmund


Innate Abilities, Weirdness & Mutations

You have hooves in place of feet.
Armour fits poorly on your strangely shaped body.
You cover ground very quickly.
You have extremely tough skin (AC +3).


Message History

You kick the worker ant, but do no damage.
The worker ant is almost dead.
You block the worker ant's attack. The worker ant completely misses you.
You closely miss the worker ant. You kick the worker ant.
You kill the worker ant!
No target in view!
Found a potion of haste.
An ogre comes into view. It is wielding a giant club.
The ogre shouts!
Sigmund the Dreaded comes into view.
He is wielding a scythe.
You are feeling hungry.
The ogre hits you with a giant club!!
You hit the ogre.
The ogre is moderately wounded.
The ogre hits you with a giant club!!
* * * LOW HITPOINT WARNING * * *
You slash the ogre! You kick the ogre.
The ogre is almost dead.
The ogre hits you with a giant club!
You die...

#....###.#.# ..#...#...#
###### #.#.#
######...#...#.. #.#.#
.......#...#...# #.#.#
#...#.O.# #.#.# ###.#...#
#.#.####### #.....#...#
#.#.#.....# #.#.....#...# ##
#.#.#.###.###.######..#@. .#
#.#.#.#..@O.........##..#
.#######.#.#.#.#.###.#####+#
. .........#.#.#.#.# #.#
.....#####.#...#.# #.#
#....# #.#####.# #.# #....#
#.......# #.#
#....############# #..
...............# ##
.....#########.#


You could see an ogre.

Vanquished Creatures
  The ghost of F1L1N the Sneak, an amateur VSAs of Qazlal (D:4)
  Purgy (Sewer)
  A centaur (D:4)
  2 scorpions
  5 worker ants
  A hound skeleton (D:5)
  3 adders
  3 river rats (D:3)
  3 oozes
  4 worms
  3 giant geckos
  6 orcs (D:4)
  4 ball pythons
  6 bats
  5 giant cockroaches
  7 goblins
  7 hobgoblins
  16 kobolds
  5 giant newts
  2 quokkas
  18 rats
103 creatures vanquished.

Notes
Turn   | Place    | Note
--------------------------------------------------------------
     0 | D:1      | inmateoo the Centaur Fighter began the quest for the Orb.
     0 | D:1      | Reached XP level 1. HP: 19/19 MP: 1/1
   209 | D:1      | Reached XP level 2. HP: 26/26 MP: 2/2
   912 | D:2      | Reached XP level 3. HP: 25/31 MP: 3/3
  1160 | D:2      | Found a glowing silver altar of Zin.
  1589 | D:2      | Reached XP level 4. HP: 25/38 MP: 4/4
  2215 | D:3      | Reached skill level 4 in Axes
  2462 | D:3      | Found a glowing drain.
  2470 | Sewer    | Entered a sewer
  2533 | Sewer    | Noticed Purgy
  2546 | Sewer    | Killed Purgy
  2546 | Sewer    | Reached skill level 5 in Axes
  2546 | Sewer    | Reached XP level 5. HP: 42/45 MP: 5/5
  2686 | D:3      | Reached XP level 6. HP: 51/51 MP: 6/6
  2839 | D:3      | Found a sparkling altar of Nemelex Xobeh.
  3644 | D:4      | Found Ulunluzu's Book Shoppe.
  3672 | D:4      | Reached skill level 6 in Axes
  3762 | D:4      | Noticed F1L1N's ghost (amateur VSAs)
  3787 | D:4      | Killed F1L1N's ghost
  3787 | D:4      | Reached XP level 7. HP: 42/57 MP: 7/7
  4045 | D:4      | Reached skill level 7 in Axes
  4097 | D:4      | Got an ancient jade ring
  4103 | D:4      | Identified the ring "Teriph" {rN+ Slay+4} (You found it on level 4 of the Dungeon)
  4117 | D:4      | Found Zosmeash's Assorted Antiques.
  4127 | D:4      | Bought a bubbling white potion for 16 gold pieces
  4127 | D:4      | Bought a scroll of identify for 36 gold pieces
  4193 | D:5      | Entered Level 5 of the Dungeon
  4705 | D:5      | Noticed Sigmund
  4727 | D:5      | Slain by an ogre

Action                   |  1- 3 |  4- 6 |  7- 9 || total
-------------------------+-------+-------+-------++-------
Melee: War axe           |   137 |   163 |    25 ||   325
  Use: Potion            |       |     2 |       ||     2
       Scroll            |       |    11 |     3 ||    14
  Eat: Chunk             |     1 |     4 |       ||     5
       Bread ration      |       |     1 |       ||     1
